 Dungeon Crawl Stone Soup version 0.28-a0-751-gef3a642a4e (webtiles) character file.

Game seed: 8018176009490225295

79 avis the Insei (level 4, -5/35 HPs)
             Began as a Djinni Transmuter on Oct 31, 2021.
             Killed from afar by an orc wizard (9 damage)
             ... with a magic dart
             ... on level 2 of the Dungeon.
             The game lasted 00:14:13 (3301 turns).

avis the Insei (Djinni Transmuter)                  Turns: 3301, Time: 00:14:14

Health: -5/35      AC:  2    Str:  9    XL:     4   Next: 64%
Gold:   79         EV: 12    Int: 15    God:
                   SH:  0    Dex: 14

rFire   + + .      SeeInvis .     - Unarmed
rCold   x . .      Faith    .   (no shield)
rNeg    . . .      Spirit   .   a - +0 robe
rPois   ∞          Reflect  .   (helmet currently unavailable)
rElec   .          Harm     .   (no cloak)
rCorr   .          Rampage  .   (no gloves)
Will    .....                   (boots unavailable)
Stlth   +.........              (no amulet)
HPRegen 0.11/turn               (no ring)
MPRegen 0.00/turn               (no ring)

@: mighty, appendages, flying
A: horns 2, flying, sickness immunity, fire resistance 2, cold vulnerability 1,
float, innate caster, hp casting, extra vitality 1
a: End Transformation


You were on level 2 of the Dungeon.
You had temporarily grown beastly horns.
You visited 1 branch of the dungeon, and saw 3 of its levels.

You collected 79 gold pieces.

Inventory:

Hand Weapons
 b - a +2 hunting sling of flaming
 g - a +1 dagger of electrocution
Missiles
 f - 35 arrows
 i - 76 stones
Armour
 a - a +0 robe (worn)
Wands
 h - a wand of paralysis (10)
Scrolls
 c - a scroll of fog {unknown}
 e - a scroll of enchant armour {unknown}
 j - a scroll of teleportation {unknown}
Potions
 d - a potion of might
 k - a potion of curing {unknown}


   Skills:
 - Level 3.0 Fighting
 - Level 2.1 Dodging
 * Level 3.8 Unarmed Combat
 - Level 2.0 Spellcasting


You couldn't memorise any spells.
You knew the following spells:

 Your Spells              Type           Power      Damage    Failure   Level
a - Beastly Appendage     Tmut           14%        N/A       10%         1
b - Sting                 Tmut/Pois      28%        1d4       10%         1
e - Wereblood             Tmut           7%         N/A       14%         2
p - Spider Form           Tmut/Pois      3%         N/A       28%         3
q - Ice Form              Ice/Tmut       7%         N/A       67%         4
Your spell library was empty.

Dungeon Overview and Level Annotations

Branches:
Dungeon (3/15)

Altars:

Shops:
D:1 ==


Innate Abilities, Weirdness & Mutations

You have temporarily grown beastly horns.
You are flying.
You are immune to sickness and miasma.
You are immune to poison.
Your flesh is very heat resistant. (rF++)
You are vulnerable to cold. (rC-)
You float through the air rather than walking.
You learn spells naturally, not from books.
Your magical power is your life essence.
You have superior vitality. (+4 HP)


Message History

Press: ? - help, Shift-Dir - straight line, f - orc wizard
Aim: an orc wizard, wielding a +0 dagger and wearing a +0 robe (heavily wounded, 60% to hit)
The sting hits the orc wizard.
The orc wizard is poisoned.
The orc wizard is heavily wounded.
The orc wizard hits you with a +0 dagger.
The orc closely misses you.
Your +2 hunting sling of flaming stops flaming.
You are now empty-handed.
The orc wizard hits you with a +0 dagger.
Casting: Sting (safe; 10% risk of failure)
Confirm with . or Enter, or press ? or * to list all spells.
You grow a pair of large bovine horns.
The orc barely misses you.
The orc wizard gestures at you while chanting.
The magic dart hits you.
* * * LOW HITPOINT WARNING * * *
You closely miss the orc wizard.
The orc wizard is severely wounded.
The orc hits you with a +0 whip of holy wrath.
* * * LOW HITPOINT WARNING * * *
The orc wizard casts a spell at you. The puff of flame hits you. You resist.
* * * LOW HITPOINT WARNING * * *
Casting: Beastly Appendage (safe; 10% risk of failure)
Confirm with . or Enter, or press ? or * to list all spells.
Aiming: Sting (safe; 10% risk of failure)
Press: ? - help, Shift-Dir - straight line, f - orc, p - orc wizard
Aim: an orc, wielding a +0 whip of holy wrath and wearing a +0 chain mail (77% to hit)
The sting hits the orc but does no damage.
The orc is poisoned.
* * * LOW HITPOINT WARNING * * *
The orc hits you with a +0 whip of holy wrath.
* * * LOW HITPOINT WARNING * * *
The orc wizard casts a spell at you. You resist with some effort.
It was a potion of might.
You feel very mighty all of a sudden. The orc hits you but does no damage.
The orc wizard points at you and mumbles some strange words.
The magic dart hits you!
You die...

.......##.##...#.#......#.######.
.......##.##.#.#.#......+........
.......##.##.#...#......#.#####..
.......##.##.#...#......#.......#
.......+..#.............#........
.......#######..........#...#<#.#
##.............#........#...#.#.#
###############o#.#........#.#.#
#........o@#.#.###....#...#
#.##########.#.# #....##### #.#
#....#.# #......... #.# #.####.#
#...###### #.# #.# #.# #.........
#.# #.# #.###..#######
#.#######.# #.............
#.........########...######
#######.#............#


You could see an orc wizard (poisoned) and an orc (poisoned).

Vanquished Creatures
  A gnoll (D:1)
  2 adders (D:2)
  A dart slug (D:1)
  5 bats
  4 endoplasms
  2 giant cockroaches (D:1)
  9 goblins
  9 hobgoblins
  A kobold (D:2)
  2 quokkas
  4 ball pythons
  2 frilled lizards
42 creatures vanquished.

Notes
Turn   | Place    | Note
-------+----------+-------------------------------------------
     0 | D:1      | avis the Djinni Transmuter began the quest for the Orb.
     0 | D:1      | Reached XP level 1. HP: 17/17 MP: 0/0
   442 | D:1      | Reached XP level 2. HP: 20/22 MP: 0/0
   525 | D:1      | Reached XP level 3. HP: 6/28 MP: 0/0
   525 | D:1      | Learned a level 1 spell: Sting
  1224 | D:1      | Found Vuynasef's Jewellery Emporium.
  1568 | D:1      | Found Ihecs's Jewellery Boutique.
  2122 | D:2      | Reached XP level 4. HP: 33/35 MP: 0/0
  2738 | D:2      | Found a faded altar of an unknown god.
  3301 | D:2      | Killed from afar by an orc wizard

Illustrated notes

Levels and vault maps discovered:
D:1:      amcnicky_arrival_gap_in_the_tavern_cellar, layout_basic, serial_shops,
          shop, shop_statue
D:2:      layout_basic, hellmonk_ecumenical_altar_crossroads,
          minmay_pentomino_s4
D:3:      layout_loops_ring, mainiacjoe_overflow_24_doors, gammafunk_ghost_icy,
          minmay_ruptured

Skill      XL: |  1  2  3 |
---------------+----------+-----
Spellcasting   | 2 |  2.0
Fighting       | 2 3 |  3.0
Dodging        | |  2.1
Unarmed Combat | |  3.8

Action                   |  1- 3 |  4- 6 || total
-------------------------+-------+-------++-------
Melee: Unarmed           |    80 |    13 ||    93
       Headbutt          |    10 |       ||    10
       Hunting sling     |       |     1 ||     1
 Fire: Hunting sling     |       |    10 ||    10
 Cast: Beastly Appendage |    21 |     6 ||    27
       Sting             |    23 |    13 ||    36
  Use: Potion            |       |     1 ||     1
Armor: Robe              |     9 |     6 ||    15
Dodge: Dodged            |    48 |    22 ||    70

Table legend: (Time is in decaauts)
 A = Elapsed time spent in this place.
 B = Non-inter-level travel time spent in this place.
 C = Inter-level travel time spent in this place.
 D = Time resting spent in this place.
 E = Time spent auto-exploring this place.
 F = Levels seen in this place.
 G = Mean time per level.
                   A        B        C        D        E       F      G
               +--------+--------+--------+--------+--------+-----+--------+
         Total |   3299 |   3139 |    160 |   1280 |   1441 |   3 | 1099.7 |
       Dungeon |   3299 |   3139 |    160 |   1280 |   1441 |   3 | 1099.7 |
               +--------+--------+--------+--------+--------+-----+--------+

Top non-repeatable levels by time:
     D:1: 1962 daAuts
     D:2: 1316 daAuts
     D:3: 20 daAuts
